 Dungeon Crawl Stone Soup version 0.13-a0-1775-g6c024ba (webtiles) character file.

518 Kae the Chiller (level 6, -2/32 HPs)
             Began as a Deep Elf Ice Elementalist on June 23, 2013.
             Was an Initiate of Sif Muna.
             Slain by a hippogriff skeleton (6 damage)
             ... on Level 5 of the Dungeon.
             The game lasted 00:06:20 (3400 turns).

Kae the Chiller (Deep Elf Ice Elementalist)         Turns: 3400, Time: 00:06:21

HP  -2/32        AC  2     Str  7      XL: 6   Next:  9%
MP   7/19        EV 13     Int 20      God: Sif Muna [......]
Gold 229         SH  0     Dex 15      Spells:  2 memorised, 10 levels left

Res.Fire  : . . .   See Invis. : .   k - +1,+2 dagger (elec)
Res.Cold  : . . .   Warding    : .   a - +0 elf robe
Life Prot.: . . .   Conserve   : .   (no shield)
Res.Poison: .       Res.Corr.  : .   (no helmet)
Res.Elec. : .       Clarity    : .   (no cloak)
Sust.Abil.: . .     Spirit.Shd : .   (no gloves)
Res.Mut.  : .       Stasis     : .   (no boots)
Res.Rott. : .       Flight     : .   (no amulet)
Saprovore : . . .                    (no ring)
                                     m - ring of regeneration

@: slightly resistant to hostile enchantments, fairly stealthy
A: no striking features
a: Renounce Religion


You were on level 5 of the Dungeon.
You worshipped Sif Muna.
Sif Muna was pleased with you.
You were not hungry.

You visited 2 branches of the dungeon, and saw 6 of its levels.

You collected 209 gold pieces.

Inventory:

Hand weapons
 k - a +1,+2 dagger of electrocution (weapon)
Armour
 a - a +0 elven robe (worn)
Magical devices
 q - a wand of fire (5) {unknown}
Comestibles
 c - 5 bread rations
 h - a meat ration
 o - an apple
 r - a honeycomb
Scrolls
 d - a scroll of random uselessness
 i - a scroll of remove curse {unknown}
 j - 2 scrolls of identify
Jewellery
 m - a ring of regeneration (left hand)
Potions
 e - a potion of magic {unknown}
 f - 2 potions of might
 g - 3 potions of heal wounds
 p - 4 potions of curing
 t - a potion of mutation {unknown}
 u - a potion of poison {unknown}
Books
 b - a book of Frost

   Spells                             Type                      Level
   *Freeze                            Ice                          1
   *Throw Frost                       Conjuration/Ice              2
   Ozocubu's Armour                   Charms/Ice                   3
   Throw Icicle                       Conjuration/Ice              4
   Summon Ice Beast                   Ice/Summoning                4
   Condensation Shield                Ice                          4
 v - Sif Muna's Reference Book on Summoning
   (You found it on level 4 of the Dungeon)

   Spells                             Type                      Level
   Summon Butterflies                 Summoning                    1
 w - Vehumet's Handbook of Combat Magic
   (You found it on level 4 of the Dungeon)

   Spells                             Type                      Level
   Magic Dart                         Conjuration                  1
 x - Kikubaaqudgha's Grimoire of Necromancy
   (You found it on level 4 of the Dungeon)

   Spells                             Type                      Level
   Pain                               Necromancy                   1


   Skills:
 - Level 2.5 Dodging
 - Level 2.4 Stealth
 + Level 4.1 Spellcasting
 * Level 4.1 Conjurations
 * Level 5.2 Ice Magic


You had 10 spell levels left.
You knew the following spells:

 Your Spells              Type           Power        Failure   Level  Hunger
a - Freeze                Ice            ####         1%          1    None
b - Throw Frost           Conj/Ice       ###...       2%          2    #......


Dungeon Overview and Level Annotations

Branches:
Dungeon (5/27)             Temple (1/1) D:4

Altars:
Cheibriados
Kikubaaqudgha
Nemelex Xobeh
Sif Muna
Vehumet
Yredelemnul
the Shining One


Message History

* * * LOW HITPOINT WARNING * * *
Casting: Freeze
Confirm with . or Enter, or press ? or * to list all spells.
Aiming: Freeze
Press: ? - help, Shift-Dir - straight line, f/p - hippogriff skeleton
Aim: a hippogriff skeleton You freeze the hippogriff skeleton.
The hippogriff skeleton resists.
The hippogriff skeleton bites you.
* * * LOW HITPOINT WARNING * * *
The hippogriff skeleton barely misses you.
The hippogriff skeleton claws you but does no damage.
Casting: Freeze
Confirm with . or Enter, or press ? or * to list all spells.
Aiming: Freeze
Press: ? - help, Shift-Dir - straight line, f/p - hippogriff skeleton
Aim: a hippogriff skeleton You freeze the hippogriff skeleton.
The hippogriff skeleton resists.
The hippogriff skeleton barely misses you.
The hippogriff skeleton misses you. The hippogriff skeleton claws you.
You die...

### ###############
#...#....##...#...##
#.........#.........##
.......Z)(...........##
...#...#@....#...#....##
### ##....######....##
###### #.....# ###...#
##....# #....## #...##
#....## ##....#


You could see a hippogriff skeleton.

Vanquished Creatures
  A hound skeleton (D:5)
  An orc wizard (D:3)
  2 worker ants
  Ijyb (D:2)
  5 adders
  2 giant mites
  An inept feature mimic (D:5)
  A worm (D:4)
  A bat skeleton (D:4)
  An ooze (D:4)
  12 orcs
  12 bats
  2 giant cockroaches
  10 goblins
  12 hobgoblins
  3 jackals (D:2)
  2 quokkas (D:2)
  2 giant geckos
  3 giant newts (D:1)
  A jackal skeleton (D:5)
  12 kobolds
  12 rats
99 creatures vanquished.

Vanquished Creatures (others)
  A jackal (D:2)
  A ball python (D:2)
2 creatures vanquished.

Grand Total: 101 creatures vanquished

Notes
Turn   | Place    | Note
--------------------------------------------------------------
     0 | D:1      | Kae, the Deep Elf Ice Elementalist, began the quest for the Orb.
     0 | D:1      | Reached XP level 1. HP: 10/10 MP: 4/4
   271 | D:1      | Reached XP level 2. HP: 12/15 MP: 7/7
   275 | D:1      | Learned a level 2 spell: Throw Frost
   888 | D:2      | Reached XP level 3. HP: 19/19 MP: 7/10
   911 | D:2      | Noticed Ijyb
   923 | D:2      | Killed Ijyb
   923 | D:2      | Reached skill level 4 in Ice Magic
  1070 | D:2      | Reached XP level 4. HP: 21/24 MP: 8/12
  1222 | D:3      | Found a snail-covered altar of Cheibriados.
  1669 | D:3      | Reached XP level 5. HP: 24/28 MP: 16/16
  2072 | D:4      | Found a staircase to the Ecumenical Temple.
  2133 | D:4      | Found a basalt altar of Yredelemnul.
  2857 | D:4      | Found a deep blue altar of Sif Muna.
  2861 | D:4      | Identified Sif Muna's Reference Book on Summoning
  2863 | D:4      | Became a worshipper of Sif Muna the Loreminder
  2868 | D:4      | Found a radiant altar of Vehumet.
  2872 | D:4      | Identified Vehumet's Handbook of Combat Magic
  2876 | D:4      | Found an ancient bone altar of Kikubaaqudgha.
  2880 | D:4      | Identified Kikubaaqudgha's Grimoire of Necromancy
  3137 | Temple   | Entered the Ecumenical Temple
  3166 | D:5      | Entered Level 5 of the Dungeon
  3194 | D:5      | Found a basalt altar of Yredelemnul.
  3257 | D:5      | Reached skill level 5 in Ice Magic
  3392 | D:5      | Reached XP level 6. HP: 25/32 MP: 15/19
  3400 | D:5      | Slain by a hippogriff skeleton

Action                   |  1- 3 |  4- 6 || total
-------------------------+-------+-------++-------
Melee: Unarmed           |    11 |       ||    11
       Dagger            |     6 |    70 ||    76
 Cast: Freeze            |    56 |    70 ||   126
  Use: Potion            |       |     1 ||     1
       Scroll            |       |     6 ||     6
 Stab: Sleeping          |       |     5 ||     5
